 Dungeon Crawl Stone Soup version 0.26-a0-30-g56b8cd3df0 (webtiles) character file.

Game seed: 13761604232379097512, levelgen mode: deterministic

78183 vurker the Eclecticist (level 15, 0/92 HPs)
             Began as a Deep Elf Conjurer on May 30, 2020.
             Was a High Priest of Vehumet.
             Slain by Jorgrun
             ... wielding a +0 vorpal quarterstaff
              (11 damage)
             ... while petrified by Jorgrun
             ... on level 13 of the Dungeon.
             The game lasted 00:49:09 (29979 turns).

vurker the Eclecticist (Deep Elf Conjurer)         Turns: 29979, Time: 00:49:09

Health: 0/92       AC:  9    Str:  5    XL:     15   Next: 17%
Magic:  16/41      EV: -1    Int: 29    God:    Vehumet [*****.]
Gold:   2032       SH:  0    Dex: 19    Spells: 36/54 levels left

rFire    + . .     SeeInvis .   a - +4 falchion of the Unseen Realm {freeze, rElec rPois Dex+4}
rCold    + + .     Gourm    .   R - +3 buckler of the Forsaken Friends {rN+}
rNeg     + + +     Faith    .   N - +0 robe {rC+ rF+}
rPois    ∞         Spirit   .   C - +1 hat
rElec    +         Reflect  +   M - +1 cloak
rCorr    .         Harm     .   H - +0 pair of gloves
MR       +....                  f - +2 pair of boots
Stlth    ++........             I - amulet of reflection
HPRegen  0.25/turn              k - ring of protection from fire
MPRegen  0.27/turn              g - ring of ice

@: petrified, grasped by roots, no potions, constricted
A: antennae 1, talons 1, clever 1
a: Renounce Religion


You were on level 13 of the Dungeon.
You worshipped Vehumet.
Vehumet was extremely pleased with you.
You were very hungry.

You visited 3 branches of the dungeon, and saw 21 of its levels.

You collected 2886 gold pieces.
You spent 854 gold pieces at shops.

Inventory:

Hand Weapons
 a - the +4 falchion of the Unseen Realm (weapon) {freeze, rElec rPois Dex+4}
   (You found it on level 2 of the Lair of Beasts)

   It has been specially enchanted to freeze those struck by it, causing extra
   injury to most foes and up to half again as much damage against particularly
   susceptible opponents.
   It can also slow down cold-blooded creatures.
   It affects your dexterity (+4).
   It insulates you from electricity.
   It protects you from poison.
Missiles
 D - 3 throwing nets (quivered)
Armour
 f - a +2 pair of boots (worn)
   (You found it on level 1 of the Dungeon)
 y - a +2 robe of magic resistance
   (You took it off an orc sorcerer on level 2 of the Orcish Mines)
 C - a +1 hat (worn)
   (You bought it in a shop on level 6 of the Dungeon)
 H - a +0 pair of gloves (worn)
   (You found it on level 7 of the Dungeon)
 M - a +1 cloak (worn)
   (You found it on level 6 of the Lair of Beasts)
 N - a +0 robe of resistance (worn)
   (You bought it in a shop on level 2 of the Orcish Mines)
 R - the +3 buckler of the Forsaken Friends (worn) {rN+}
   (You bought it in a shop on level 2 of the Orcish Mines)

   It protects you from negative energy.
Jewellery
 g - a ring of ice (right hand)
   (You found it on level 1 of the Dungeon)
 k - a ring of protection from fire (left hand)
   (You found it on level 1 of the Dungeon)
 l - an uncursed ring of protection from cold
   (You found it on level 1 of the Dungeon)
 I - an amulet of reflection (around neck)
   (You found it on level 7 of the Dungeon)
Wands
 c - a wand of disintegration (3)
   (You found it on level 6 of the Dungeon)
 d - a wand of iceblast (16)
   (You found it on level 5 of the Dungeon)
 t - a wand of flame (62)
   (You found it on level 1 of the Lair of Beasts)
 u - a wand of paralysis (4)
   (You found it on level 11 of the Dungeon)
 v - a wand of digging (2)
   (You found it on level 1 of the Lair of Beasts)
 B - a wand of enslavement (19)
   (You found it on level 6 of the Dungeon)
 O - a wand of clouds (5)
   (You found it on level 2 of the Lair of Beasts)
 P - a wand of polymorph (7)
   (You found it on level 2 of the Lair of Beasts)
Scrolls
 b - 7 scrolls of enchant weapon
 h - 15 scrolls of remove curse
 j - 2 scrolls of magic mapping
 o - 2 scrolls of blinking
 p - 4 scrolls of enchant armour
 w - 3 scrolls of immolation {unknown}
 z - 7 scrolls of teleportation
 E - a scroll of fog
 F - a scroll of fear {unknown}
 G - 2 scrolls of holy word {unknown}
 J - a scroll of silence {unknown}
Potions
 i - 3 potions of mutation
 m - a potion of invisibility
 n - 2 potions of curing
 q - 5 potions of heal wounds
 s - 3 potions of cancellation
 A - 2 potions of flight
 K - 4 potions of lignification
 L - a potion of ambrosia {unknown}
 Q - a potion of resistance
Comestibles
 e - 40 rations


   Skills:
 + Level 10.1 Fighting
 - Level 10.0 Dodging
 - Level 2.4 Stealth
 - Level 4.0 Shields
 * Level 20.1 Spellcasting
 - Level 12.4 Conjurations
 * Level 12.2 Ice Magic


You had 36 spell levels left.
You knew the following spells:

 Your Spells              Type           Power        Failure   Level  Hunger
a - Ozocubu's Refrigerat  Ice            ########..   1%          6    None
b - Searing Ray           Conj           ######       0%          2    None
c - Iskenderun's Mystic   Conj/Tloc      ######..     1%          4    None
q - Conjure Ball Lightni  Conj/Air       ######....   4%          6    None

Your spell library contained the following spells:

 Spells                   Type           Power        Failure   Level  Hunger
 Yara's Violent Unravell  Hex/Tmut       ####......   11%         5    None
 Magic Dart               Conj           ####         0%          1    None
 Beastly Appendage        Tmut           ####..       1%          1    None
 Corona                   Hex            ####...      1%          1    None
 Ensorcelled Hibernation  Hex/Ice        ######       1%          2    None
 Sticks to Snakes         Tmut           ####....     1%          2    None
 Dazzling Flash           Conj/Hex       ######       1%          3    None
 Fulminant Prism          Conj/Hex       ######....   1%          4    None
 Ice Form                 Ice/Tmut       #######.     1%          4    None
 Confusing Touch          Hex            ####....     4%          3    None
 Spider Form              Tmut/Pois      ####......   4%          3    None
 Tukima's Dance           Hex            ####....     4%          3    None
 Blade Hands              Tmut           ####......   36%         5    None
 Borgnjor's Vile Clutch   Necr/Erth      ####......   36%         5    None
 Silence                  Hex/Air        ####......   36%         5    None
 Darkness                 Hex            ####......   90%         6    None
 Shadow Creatures         Summ           N/A          90%         6    None


Dungeon Overview and Level Annotations

Branches:
Dungeon (13/15)            Temple (0/1) D:5            Lair (6/6) D:10
 Shoals (0/4) Lair:3       Spider (0/4) Lair:4        Slime (0/5) Lair:5
    Orc (2/2) D:12            Elf (0/3) Orc:2        Vaults (0/5) D:13

Altars:
Nemelex Xobeh
Okawaru
Qazlal
Trog
Uskayaw
Vehumet
Xom
The Shining One
Beogh

Shops:
D:6 [   Orc:2 *=[

Annotations:
D:13 Jorgrun
Lair:3 1 runed translucent door, Tised's ghost, journeyman DsAs
Lair:4 2 transporters


Innate Abilities, Weirdness & Mutations

You have a pair of small antennae on your head.
You have sharp toenails.
Your mind is acute. (Int +2)


Message History

Vehumet accepts your kill.
You feel your power returning.
You can drink potions again.
Some of the chunks of flesh in your inventory have rotted away.
All of the chunks of flesh in your inventory have rotted away.
You are feeling hungry.
There is a stone staircase leading up here.
Things that are here:
a +0 cloak; a +0 dagger You see here a +0 morningstar.
Found 9 poisoned darts.
You are feeling very hungry.
Found an escape hatch in the ceiling.
Found a stone staircase leading up.
There is an escape hatch in the ceiling here.
Jorgrun Earthshaker comes into view.
He is wielding a +0 vorpal quarterstaff and wearing a +1 robe of cold resistance.
You feel a surge of power!
The heat is drained from your surroundings.
You resist.
You feel very cold.
Jorgrun is frozen.
Jorgrun resists.
You feel a surge of power!
The heat is drained from your surroundings.
You resist.
You feel very cold.
Jorgrun is frozen.
Jorgrun resists.
Jorgrun gestures next to you while chanting.
Some rock shatters into small pieces.
You feel a surge of power!
The heat is drained from your surroundings.
You resist.
You feel very cold.
Jorgrun is frozen.
Jorgrun resists.
Jorgrun casts a spell at you.
You are slowing down.
You erupt in a blast of force!
The mystic blast hits Jorgrun!
Jorgrun is knocked back by the mystic blast.
Your limbs are stiffening.
You feel a surge of power!
The heat is drained from your surroundings.
You resist.
You feel very cold.
Jorgrun is frozen.
Jorgrun resists.
Jorgrun casts a spell at you. The iron shot hits you!!!
You have turned to stone.
Jorgrun gestures at you while chanting. The iron shot hits you!!!
* * * LOW HITPOINT WARNING * * *
Jorgrun hits you with a +0 vorpal quarterstaff!
* * * LOW HITPOINT WARNING * * *
* * * LOW HITPOINT WARNING * * *
Jorgrun casts a spell at you.
Roots burst forth from the earth!
The grasping roots grab you!
* * * LOW HITPOINT WARNING * * *
The grasping roots constrict you!
Jorgrun hits you with a +0 vorpal quarterstaff!!
You die...

...###########...............####
.................................
......................########.##
........############..########.#
...............................##
.[...÷.........<.................
.................................
..##############..............###
..######### #g@.............#
...............................
...............................
##..#########.#######..........
#..# #.. ............ #..# #..#
........... ##..# ####..#######
......... ....###.....#..#.....#
....... ......#.....#..#.....#
......


You could see Jorgrun.

Vanquished Creatures
  An orc warlord (Orc:2)
  An ironheart preserver (D:13)
  6 hydras
  2 catoblepae
  4 two-headed ogres
  A deep troll shaman (Lair:6)
  3 orc high priests
  16 death yaks
  Urug (Orc:2)
  Sonja (Lair:3)
  3 unseen horrors
  A wizard (D:11)
  4 orc knights
  A wolf spider zombie (D:13)
  An orb spider (Lair:4)
  4 orc sorcerers (Orc:2)
  A cyclops (D:12)
  2 ugly things
  6 black mambas
  13 elephants
  A merfolk siren (Lair:3)
  A torpor snail (Lair:5)
  2 manticores
  A centaur zombie (D:13)
  Maurice (D:13)
  13 spiny frogs
  2 centaur skeletons
  3 gargoyles
  6 komodo dragons
  Maggie (D:10)
  An efreet (D:13)
  A komodo dragon (shapeshifter) (D:13)
  3 rime drakes
  A kobold demonologist (D:12)
  4 trolls
  A tengu conjurer (D:11)
  2 hornets (D:11)
  2 polar bears
  7 dream sheep (Lair:6)
  4 slime creatures
  20 blink frogs
  11 hippogriffs
  A wraith (D:10)
  23 yaks
  A shadow (D:13)
  5 wyverns
  A basilisk (Lair:3)
  Grum (D:11)
  4 hungry ghosts
  2 acid dragons
  A warg (Orc:1)
  A soldier ant (D:11)
  16 water moccasins
  10 porcupines
  33 orc warriors
  2 sky beasts
  11 ogres
  3 black bears
  An eye of draining (D:13)
  2 ice beasts
  3 phantoms
  15 wolves
  10 centaurs
  11 crocodiles
  2 big kobolds
  A wyvern zombie (D:10)
  18 bullfrogs
  A gnoll sergeant (D:7)
  4 scorpions
  2 wyvern skeletons
  9 wights (D:9)
  6 howler monkeys
  10 crimson imps
  2 bullfrog zombies
  5 jellies
  15 orc priests
  5 hounds
  20 orc wizards
  A bullfrog skeleton (D:9)
  A gnoll shaman (D:7)
  13 hell rats
  3 iguanas
  10 worker ants
  A killer bee zombie (D:10)
  A hound zombie (D:5)
  A worker ant zombie (D:8)
  7 gnolls
  13 adders
  3 river rats (Lair:1)
  7 shadow imps
  4 oozes
  An adder zombie (D:7)
  2 adder skeletons
  5 worms
  3 dart slugs
  7 leopard geckos
  86 orcs
  4 giant cockroaches
  8 goblins
  8 hobgoblins
  4 jackals
  4 quokkas
  3 ball pythons
  9 bats
  10 frilled lizards
  2 jackal skeletons
  21 kobolds
  A leopard gecko skeleton (D:9)
  8 rats
  26 fungi
  41 plants
735 creatures vanquished.

Vanquished Creatures (others)
  An orc wizard (D:10)
  A bush (D:11)
  8 fungi
  8 plants
18 creatures vanquished.

Grand Total: 753 creatures vanquished

Notes
Turn   | Place    | Note
-------+----------+-------------------------------------------
     0 | D:1      | vurker the Deep Elf Conjurer began the quest for the Orb.
     0 | D:1      | Reached XP level 1. HP: 10/10 MP: 6/6
   417 | D:1      | Reached XP level 2. HP: 16/16 MP: 4/8
  1192 | D:1      | Reached XP level 3. HP: 20/20 MP: 7/10
  1425 | D:2      | Reached skill level 4 in Spellcasting
  1552 | D:2      | Reached skill level 1 in Fighting
  1552 | D:2      | Reached skill level 5 in Conjurations
  2056 | D:2      | Reached XP level 4. HP: 25/25 MP: 8/12
  2060 | D:2      | Learned a level 2 spell: Searing Ray
  2065 | D:2      | Learned a level 4 spell: Iskenderun's Mystic Blast
  2333 | D:3      | Found a bloodstained altar of Trog.
  2445 | D:3      | Found a sparkling altar of Nemelex Xobeh.
  2767 | D:3      | Reached skill level 5 in Spellcasting
  2874 | D:3      | Reached XP level 5. HP: 29/29 MP: 8/14
  3990 | D:4      | Found a radiant altar of Vehumet.
  3994 | D:4      | Became a worshipper of Vehumet
  4005 | D:4      | Reached skill level 6 in Spellcasting
  4005 | D:4      | Reached XP level 6. HP: 35/35 MP: 11/17
  4332 | D:4      | You fall into a shaft and drop 1 floor!
  4332 | D:5      | Entered Level 5 of the Dungeon
  5035 | D:5      | Found a staircase to the Ecumenical Temple.
  5148 | D:5      | Reached XP level 7. HP: 40/40 MP: 12/19
  5509 | D:6      | Reached skill level 7 in Spellcasting
  6075 | D:6      | Found a glowing golden altar of the Shining One.
  6277 | D:6      | Gained mutation: You are somewhat resistant to further
                  | mutation. [potion of mutation]
  6278 | D:6      | Lost mutation: You are somewhat resistant to further
                  | mutation. [potion of mutation]
  6278 | D:6      | Gained mutation: You have a pair of small antennae on your
                  | head. [potion of mutation]
  6278 | D:6      | Gained mutation: You have sharp toenails. [potion of
                  | mutation]
  6278 | D:6      | Gained mutation: Your mind is acute. (Int +2) [potion of
                  | mutation]
  6453 | D:6      | Found Micuz's Antique Armour Boutique.
  6456 | D:6      | Bought a glowing hat for 231 gold pieces
  6648 | D:6      | Reached skill level 8 in Spellcasting
  6648 | D:6      | Reached XP level 8. HP: 46/46 MP: 15/22
  6987 | D:7      | Reached skill level 9 in Spellcasting
  7305 | D:7      | Reached * piety under Vehumet
  7305 | D:7      | Offered knowledge of Sandblast by Vehumet.
  7443 | D:7      | Reached skill level 5 in Dodging
  7616 | D:7      | Found a stormy altar of Qazlal.
  7625 | D:7      | Reached XP level 9. HP: 14/52 MP: 17/24
  7975 | D:7      | Found a stormy altar of Qazlal.
  8060 | D:7      | Reached skill level 10 in Spellcasting
  8495 | D:8      | Identified a scroll of acquirement
  8761 | D:8      | Found a hide-covered altar of Uskayaw.
  8913 | D:8      | Offered knowledge of Foxfire by Vehumet.
  8920 | D:8      | Found an iron altar of Okawaru.
  9169 | D:8      | Reached skill level 10 in Conjurations
  9224 | D:8      | Reached ** piety under Vehumet
  9224 | D:8      | Reached skill level 11 in Spellcasting
  9978 | D:6      | Bought a buckler for 148 gold pieces
 10148 | D:9      | Reached XP level 10. HP: 58/58 MP: 17/27
 10164 | D:8      | Reached skill level 5 in Fighting
 10165 | D:8      | Reached skill level 1 in Shields
 10589 | D:9      | Reached skill level 12 in Spellcasting
 10909 | D:9      | Offered knowledge of Frozen Ramparts by Vehumet.
 11018 | D:9      | Found a shimmering altar of Xom.
 11432 | D:10     | Entered Level 10 of the Dungeon
 11451 | D:9      | Reached *** piety under Vehumet
 11964 | D:10     | Noticed Maggie
 11972 | D:10     | Killed Maggie
 12205 | D:10     | Reached skill level 13 in Spellcasting
 12309 | D:10     | Killed an unseen horror
 12309 | D:10     | Reached XP level 11. HP: 43/64 MP: 22/30
 12526 | D:10     | Found a staircase to the Lair.
 12961 | D:10     | Noticed a two-headed ogre
 12970 | D:10     | Killed a two-headed ogre
 13308 | D:11     | Offered knowledge of Hailstorm by Vehumet.
 13384 | D:11     | Noticed Grum
 13390 | D:11     | Killed Grum
 13707 | D:10     | Reached skill level 14 in Spellcasting
 14615 | D:11     | Noticed a wizard
 14640 | D:11     | Killed a wizard
 14829 | Lair:1   | Entered Level 1 of the Lair of Beasts
 14858 | Lair:1   | Reached **** piety under Vehumet
 15105 | Lair:1   | Offered knowledge of Lightning Bolt by Vehumet.
 15167 | Lair:1   | Reached skill level 15 in Spellcasting
 15483 | Lair:1   | Reached XP level 12. HP: 72/72 MP: 24/33
 16258 | Lair:1   | Noticed a six-headed hydra
 16269 | Lair:1   | Killed a six-headed hydra
 16606 | Lair:2   | Reached ***** piety under Vehumet
 16704 | Lair:2   | Got a steaming falchion
 16731 | Lair:2   | Offered knowledge of Ozocubu's Refrigeration by Vehumet.
 16747 | Lair:2   | Learned a level 6 spell: Ozocubu's Refrigeration
 17228 | Lair:3   | Reached skill level 1 in Ice Magic
 17232 | Lair:3   | Noticed a death yak
 17238 | Lair:3   | Noticed a death yak
 17239 | Lair:3   | Noticed a death yak
 17239 | Lair:3   | Noticed a death yak
 17241 | Lair:3   | Noticed a death yak
 17401 | Lair:2   | Killed a death yak
 17519 | Lair:3   | Reached skill level 16 in Spellcasting
 17601 | Lair:3   | Identified the +4 falchion of the Unseen Realm {freeze,
                  | rElec rPois Dex+4} (You found it on level 2 of the Lair of
                  | Beasts)
 17655 | Lair:3   | Killed a death yak
 17702 | Lair:3   | Killed a death yak
 17706 | Lair:3   | Killed a death yak
 17719 | Lair:3   | Killed a death yak
 18196 | Lair:3   | Noticed Sonja
 18210 | Lair:3   | Killed Sonja
 18437 | Lair:3   | Found a runed translucent door.
 18438 | Lair:3   | Noticed Tised's ghost (journeyman DsAs)
 18439 | Lair:3   | Identified the cursed +1 trident of Eqetupru {vorpal, rN+
                  | Str+3}
 18451 | Lair:3   | Found a staircase to the Shoals.
 19033 | Lair:4   | Got an ancient halberd
 19109 | Lair:4   | Found a transporter.
 19140 | Lair:4   | Reached skill level 5 in Ice Magic
 19140 | Lair:4   | Reached XP level 13. HP: 78/78 MP: 11/35
 19803 | Lair:4   | Found a hole to the Spider Nest.
 19946 | Lair:4   | Reached skill level 10 in Dodging
 19976 | Lair:4   | Reached skill level 17 in Spellcasting
 20507 | Lair:4   | Found a transporter.
 20658 | Lair:5   | Got a polished whip
 20659 | Lair:5   | Identified the +5 whip "Dragonbane" {distort, +Rage rElec
                  | rPois rC-} (You found it on level 5 of the Lair of Beasts)
 20920 | Lair:5   | Found a staircase to the Slime Pits.
 21718 | Lair:5   | Reached skill level 18 in Spellcasting
 22287 | Lair:6   | Entered Level 6 of the Lair of Beasts
 22690 | Lair:6   | Reached XP level 14. HP: 84/84 MP: 34/38
 23517 | Lair:6   | Offered knowledge of Conjure Ball Lightning by Vehumet.
 23518 | Lair:6   | Reached skill level 10 in Ice Magic
 23528 | Lair:6   | Learned a level 6 spell: Conjure Ball Lightning
 23784 | Lair:6   | Got an ivory spear
 23788 | Lair:6   | Got a twisted long sword
 23797 | Lair:6   | Identified the +7 spear of Fedhas's Wrath {vamp, *Slow
                  | Int+3 Dex+4} (You found it on level 6 of the Lair of
                  | Beasts)
 23799 | Lair:6   | Identified the +6 long sword "Fayfreuqerr" {distort, Dex+2}
                  | (You found it on level 6 of the Lair of Beasts)
 24095 | D:12     | Reached skill level 19 in Spellcasting
 24436 | D:12     | Found a staircase to the Orcish Mines.
 25525 | Orc:1    | Entered Level 1 of the Orcish Mines
 25810 | Orc:1    | Found a roughly hewn altar of Beogh.
 26422 | Orc:2    | Entered Level 2 of the Orcish Mines
 26609 | Orc:2    | Offered knowledge of Yara's Violent Unravelling by Vehumet.
 26930 | Orc:2    | Noticed Urug
 26933 | Orc:2    | Killed Urug
 26938 | Orc:2    | Found a roughly hewn altar of Beogh.
 26940 | Orc:2    | Paralysed by an orc sorcerer for 3 turns
 26940 | Orc:2    | Noticed an orc warlord
 27333 | Orc:2    | Killed an orc warlord
 27475 | Orc:2    | Found Luarelit's Jewellery Shop.
 27481 | Orc:2    | Found Qibig's Antique Armour Shop.
 27489 | Orc:2    | Found Juchirer's Antique Weapon Shop.
 27498 | Orc:2    | Found Minueh's General Store.
 27800 | Orc:2    | Found a staircase to the Elven Halls.
 28051 | Orc:2    | Bought an embroidered robe for 133 gold pieces
 28087 | Orc:2    | Bought a translucent buckler for 342 gold pieces
 28097 | Orc:2    | Identified the +3 buckler of the Forsaken Friends {rN+}
                  | (You bought it in a shop on level 2 of the Orcish Mines)
 28259 | D:13     | Reached XP level 15. HP: 85/92 MP: 29/40
 28349 | D:13     | Noticed Maurice
 28353 | D:13     | Killed Maurice
 28552 | D:13     | Reached skill level 10 in Fighting
 28614 | D:13     | Reached skill level 20 in Spellcasting
 29371 | D:13     | Found a gate to the Vaults.
 29968 | D:13     | Noticed Jorgrun
 29979 | D:13     | Slain by Jorgrun

Illustrated notes

Levels and vault maps discovered:
D:1:      scummos_arrival_simple_crosswalls, layout_basic
D:2:      layout_loops_cross, first_ration
D:3:      layout_loops_cross, lightli_temple_of_fire,
          nemelex_xobeh_ov_fountains_minmay
D:4:      layout_rooms, overflow_temple_1_default
D:5:      layout_basic, minmay_temple_entry_proselytizer
D:6:      layout_basic, tso_metal_star, serial_shops, nicolae_shop_behind_doors
D:7:      layout_loops_ring, nicolae_qazlal_general_emergency, basic_altar,
          hangedman_minor_gate_pass
D:8:      layout_loops_ring, eat_drink_and_be_merry_uskayaw,
          kennysheep_okawaru_gauntlet
D:9:      layout_gridville, old_standard_altar
D:10:     layout_irregular_city, david_lair_shrubbed, uniq_maggie
D:11:     layout_big_octagon, hangedman_pestilent_swarm,
          kb_lookout_dungeons_type, grunt_tough_drop, uniq_grum
D:12:     layout_stronghold, david_orc_2, wad_dig_loot
D:13:     layout_long_grid, skrybe_vaults_entry_preservation, uniq_jorgrun,
          uniq_frances, uniq_maurice
Lair:1:   layout_loops_ring, kennysheep_abandoned_house
Lair:2:   layout_long_grid
Lair:3:   layout_cave_shapes, minmay_shoals_entry_lonely_mermaid,
          ebering_ghost_funeral_grove, nicolae_volcano_entry_hallway, uniq_sonja
Lair:4:   gammafunk_cloud_chamber, layout_regular_city,
          nicolae_spider_entry_orb_guardian, portal_ice_cave_entry_pillars_2,
          beast_lair_carwin_5, grunt_megastairs_3
Lair:5:   cheibrodos_lair_river_kwai, layout_regular_city,
          nicolae_slime_entry_slimehenge, gauntlet_entry_generic
Lair:6:   grunt_lair_end_beastmaster, layout_cave_pods,
          grunt_forest_stairs_basic
Orc:1:    layout_caves, basic_altar
Orc:2:    grunt_orc_cross, layout_caves

Skill      XL: |  1  2  3  4  5  6  7  8  9 10 11 12 13 14 15 |
---------------+----------------------------------------------+-----
Spellcasting   | 4 5 6 8 9 11 13 15 16 18 19 20 | 20.1
Fighting       | 1 2 3 4 5 7 8 9 10 | 10.1
Conjurations   | 5 6 7 9 10 11 12 | 12.4
Dodging        | 3 5 7 9 10 | 10.0
Shields        | 4 |  4.0
Ice Magic      | 5 9 11 12 | 12.2
Stealth        | |  2.4

Action                   |  1- 3 |  4- 6 |  7- 9 | 10-12 | 13-15 || total
-------------------------+-------+-------+-------+-------+-------++-------
Melee: Dagger            |       |     7 |     5 |     1 |       ||    13
       Falchion          |       |       |       |       |     9 ||     9
 Cast: Magic Dart        |    70 |   138 |   132 |   257 |    23 ||   620
       Searing Ray       |       |    16 |    61 |   185 |    64 ||   326
       Iskenderun's Myst |       |       |     1 |    79 |    24 ||   104
       Ozocubu's Refrige |       |       |       |       |   234 ||   234
Evoke: Wand              |       |       |     1 |     3 |     9 ||    13
  Use: Scroll            |       |       |    17 |     5 |     5 ||    27
       Potion            |       |       |     2 |       |       ||     2
 Stab: Confused          |       |       |       |       |     2 ||     2
  Eat: Chunk             |     3 |     9 |     8 |    28 |    32 ||    80
       Ration            |       |       |     2 |       |     1 ||     3
Armor: Robe              |     2 |     5 |     7 |    31 |    14 ||    59
Dodge: Dodged            |     6 |    17 |    34 |   150 |    62 ||   269
Block: Other             |       |       |     4 |       |       ||     4
       Reflection        |       |       |     3 |    12 |     5 ||    20
       Buckler           |       |       |     1 |   123 |    49 ||   173
       Rpst.: Falchion   |       |       |       |       |    12 ||    12

Table legend:
 A = Non-vault XP
 B = Vault XP
 C = Vault XP percentage of total XP
 D = Non-vault monster count
 E = Vault monster count
 F = Vault count percentage of total count
                 A         B        C        D         E       F
            +---------+---------+-------+---------+---------+-------
      Total |   79807 |   31884 |  28.5 |     532 |     136 |  20.4
            +---------+---------+-------+---------+---------+-------
        D:1 |      41 |       0 |   0.0 |      22 |       0 |   0.0
        D:2 |      65 |       0 |   0.0 |      19 |       0 |   0.0
        D:3 |     176 |       0 |   0.0 |      41 |       0 |   0.0
        D:4 |     225 |       0 |   0.0 |      17 |       0 |   0.0
        D:5 |     206 |      41 |  16.6 |      10 |       1 |   9.1
        D:6 |     697 |       0 |   0.0 |      12 |       0 |   0.0
        D:7 |    1318 |     515 |  28.1 |      25 |       7 |  21.9
        D:8 |    2084 |       4 |   0.2 |      31 |       2 |   6.1
        D:9 |    3088 |       0 |   0.0 |      46 |       0 |   0.0
       D:10 |    4862 |    1116 |  18.7 |      24 |       5 |  17.2
       D:11 |     875 |    2933 |  77.0 |      18 |      12 |  40.0
       D:12 |    4728 |    1103 |  18.9 |      26 |       7 |  21.2
       D:13 |    6750 |    2800 |  29.3 |      19 |      10 |  34.5
     Lair:1 |    5839 |     518 |   8.1 |      24 |      17 |  41.5
     Lair:2 |    4069 |       0 |   0.0 |      15 |       0 |   0.0
     Lair:3 |    6678 |    1254 |  15.8 |      18 |       2 |  10.0
     Lair:4 |    5867 |    2874 |  32.9 |      16 |       8 |  33.3
     Lair:5 |   13153 |    2259 |  14.7 |      32 |      11 |  25.6
     Lair:6 |   10668 |    7635 |  41.7 |      40 |      15 |  27.3
      Orc:1 |    4986 |       0 |   0.0 |      41 |       0 |   0.0
      Orc:2 |    3432 |    8832 |  72.0 |      36 |      39 |  52.0
            +---------+---------+-------+---------+---------+-------
